 Dungeon Crawl Stone Soup version 0.18.1-50-g88ac8fd (webtiles) character file.

102872 Gargoyl the Corrupter of Planes (level 15, -4/122 HPs)
             Began as a Demonspawn Abyssal Knight on Oct 19, 2016.
             Was the Champion of Lugonu.
             Shot with an arrow by a deep elf archer (5 damage)
             ... on level 1 of the Elven Halls on Oct 25, 2016.
             The game lasted 01:08:43 (28510 turns).

Gargoyl the Corrupter of Planes (DsAK)             Turns: 28510, Time: 01:08:44

Health: -4/122     AC: 25    Str: 24    XL:     15   Next: 87%
Magic:  26/26      EV: 18    Int: 14    God:    Lugonu [******]
Gold:   1572       SH: 13    Dex: 15    Spells: 0 memorised, 14 levels left

rFire  . . .     SeeInvis +     u - +11 hand axe of Ehil {pain, *Confuse rN+ SInv}
rCold  . . .     Gourm    .     t - +1 chain mail of Biheseo {rElec MR+}
rNeg   + . .     Faith    .     q - +0 shield
rPois  .         Spirit   .     o - +0 mask of the Dragon {MR+ Slay+3 SInv}
rElec  +         Dismiss  .     x - +2 cloak
rCorr  .         Reflect  .     G - +2 pair of gloves {Dex+3}
SustAt .         Harm     .     J - +2 pair of boots {Fly}
MR     +++..                    i - amulet of regeneration
Stlth  ..........               y - +5 ring of strength
                                P - +6 ring of evasion

@: flying, extremely resistant to hostile enchantments, extremely unstealthy
A: claws 1, rugged brown scales 1, nightstalker 2, powered by pain 3
a: Depart the Abyss, Bend Space, Banish, Corrupt, Enter the Abyss, Brand Weapon
With Distortion, Renounce Religion, Stop Flying


You were on level 1 of the Elven Halls.
You worshipped Lugonu.
Lugonu was exalted by your worship.
You were not hungry.

You visited 4 branches of the dungeon, and saw 26 of its levels.
You visited the Abyss 1 time.
You also visited: Ice Cave.

You collected 2954 gold pieces.
You spent 1382 gold pieces at shops.

Inventory:

Hand Weapons
 u - the +11 hand axe of Ehil (weapon) {pain, *Confuse rN+ SInv}
   (You found it on level 4 of the Dungeon)

   In the hands of one skilled in necromantic magic, it inflicts extra damage on
   living creatures.
   It protects you from negative energy.
   It lets you see invisible.
   It may confuse you when you take damage.
 I - the +0 hand crossbow "Nucyq" {flame, Str+6}
   (You found it on level 8 of the Lair of Beasts)

   It causes projectiles fired from it to burn those they strike, causing extra
   injury to most foes and up to half again as much damage against particularly
   susceptible opponents.
   It affects your strength (+6).
 S - a +2 broad axe of flaming
Missiles
 b - 13 tomahawks of returning (quivered)
Armour
 o - the +0 mask of the Dragon (worn) {MR+ Slay+3 SInv}
   (You acquired it on level 7 of the Lair of Beasts)

   It affects your accuracy and damage with ranged weapons and melee attacks
   (+3).
   It affects your resistance to hostile enchantments.
   It lets you see invisible.
 q - a +0 shield (worn)
 t - the +1 chain mail of Biheseo (worn) {rElec MR+}
   (You found it on level 1 of the Lair of Beasts)

   It insulates you from electricity.
   It affects your resistance to hostile enchantments.
 x - a +2 cloak (worn)
 G - a +2 pair of gloves of dexterity (worn)
 J - a +2 pair of boots of flying (worn)
Jewellery
 g - an uncursed ring of protection from cold
 i - an amulet of regeneration (around neck)
 j - an uncursed ring of poison resistance
 y - a +5 ring of strength (right hand)
 H - an uncursed ring of positive energy
 M - the ring "Hiunlips" {rCorr rC++ rN+ Str-2 SInv}
   (You found it on level 9 of the Dungeon)

   [ring of resist corrosion]

   It affects your strength (-2).
   It greatly protects you from cold.
   It protects you from negative energy.
   It lets you see invisible.
 P - a +6 ring of evasion (left hand)
 T - an uncursed ring of protection from cold
 W - an uncursed ring of protection from magic
Wands
 a - a wand of acid (8/15)
 e - a wand of lightning (6/15)
 k - a wand of enslavement (14/24)
 N - a wand of disintegration (16/24)
 O - a wand of flame (9/48)
 R - a wand of teleportation (3/9)
Scrolls
 f - 3 scrolls of fear
 n - a scroll of fog
 v - 3 scrolls of blinking
 z - a scroll of magic mapping
 C - 11 scrolls of remove curse
 D - 5 scrolls of teleportation
 K - 2 scrolls of recharging
 Q - a scroll of enchant weapon
Potions
 h - 3 potions of heal wounds
 l - a potion of haste
 m - 2 potions of invisibility
 s - 10 potions of curing
 A - a potion of magic
 B - a potion of resistance
 E - 3 potions of might
 L - 2 potions of brilliance
 Z - a potion of cure mutation
Comestibles
 c - 18 bread rations
 d - 11 meat rations
 p - 8 beef jerkies
 r - a fruit
 F - a royal jelly
 Y - 3 slices of pizza


   Skills:
 + Level 11.2 Fighting
 + Level 12.0 Axes
 * Level 13.0 Armour
 + Level 7.3 Dodging
 + Level 11.4 Shields
 * Level 15.3 Invocations


You had 14 spell levels left.
You didn't know any spells.

Dungeon Overview and Level Annotations

Branches:
Dungeon (15/15)            Temple (0/1) D:6            Lair (8/8) D:10
 Shoals (0/4) Lair:6       Spider (0/4) Lair:5        Slime (0/6) Lair:7
    Orc (2/2) D:12            Elf (1/3) Orc:2        Vaults (0/5) D:13
 Depths (0/5) D:15

Altars:
Dithmenos
Elyvilon
Gozag
Makhleb
Nemelex Xobeh
Okawaru
Pakellas
Qazlal
Ru
Sif Muna
Vehumet
Xom
Yredelemnul
Zin
Beogh

Shops:
D:4 !   Orc:2 *([=


Innate Abilities, Weirdness & Mutations

You have sharp fingernails.
You are partially covered in rugged brown scales (AC +1, +3% HP).
You are significantly more attuned to the shadows.
You are powered by pain.


Message History

The earth elemental is moderately damaged.
The earth elemental disappears in a puff of smoke!
The deep elf archer shoots an arrow.
The arrow hits you.
* * * LOW HITPOINT WARNING * * *
The arrow burns you.
* * * LOW HITPOINT WARNING * * *
You closely miss the deep elf archer.
The deep elf archer is moderately wounded.
The deep elf archer shoots an arrow.
The arrow hits you!
* * * LOW HITPOINT WARNING * * *
The arrow burns you!
* * * LOW HITPOINT WARNING * * *
You slice the deep elf archer!!
The deep elf archer is severely wounded.
You miss the deep elf archer.
The deep elf archer is severely wounded.
The deep elf archer shoots an arrow.
The arrow hits you!
* * * LOW HITPOINT WARNING * * *
The arrow burns you.
You die...

#..'........<.......
#..#................
######..##....#.....#....
......(..#...###)))###...
.........#....#...).#....
##+###(..##......)......#
+.)..##...........##
#))...##.........##.
#.(@e..####...####..
#.........##'##.....
......................
.......................
##+####...###+##..#####
.. ...# #..#...( +..#..(#
#..#...# #(..#


You could see a deep elf archer.

Vanquished Creatures
  A vampire knight (D:13)
  Nessos (Lair:6)
  Azrael (Orc:2)
  A fire dragon (Lair:8)
  Erica (D:11)
  8 centaur warriors
  2 dancing weapons (D:13)
  A death knight (D:11)
  A tengu warrior (D:14)
  2 orc high priests (Orc:2)
  4 death yaks
  An ogre mage (D:14)
  Sonja (D:11)
  A deep elf knight (Elf:1)
  A fire crab (Lair:8)
  2 unseen horrors (D:14)
  A deep troll (D:13)
  2 lindwurms
  3 orc knights (Orc:2)
  5 hill giants
  2 necromancers
  A lindwurm (shapeshifter) (D:14)
  A deep elf archer (Elf:1)
  12 deep elf magi
  3 cyclopes
  2 wolf spiders
  13 ugly things
  5 orc sorcerers
  3 manticores
  A salamander (D:15)
  3 griffons
  3 centaur zombies
  Joseph (Lair:1)
  3 ice statues (IceCv)
  4 black mambas
  10 elephants (Lair:8)
  2 centaur skeletons (D:12)
  3 gargoyles
  14 spiny frogs
  A kobold demonologist (D:15)
  2 rime drakes
  An efreet (D:14)
  18 komodo dragons
  10 trolls
  A two-headed ogre (D:14)
  14 blink frogs
  Grinder (D:6)
  A jumping spider (Lair:5)
  2 boulder beetles
  A boulder beetle (shapeshifter) (D:14)
  4 slime creatures (D:11)
  A spriggan (D:7)
  A wraith (D:14)
  41 yaks
  3 wyverns
  A water elemental (Elf:1)
  A fire elemental (Elf:1)
  4 basilisks
  11 hippogriffs
  3 hungry ghosts
  Grum (D:8)
  4 steam dragons
  3 vampire mosquitoes
  8 wargs
  A soldier ant (shapeshifter) (D:15)
  A mottled dragon (D:15)
  12 water moccasins
  5 swamp drakes (Lair:8)
  2 hell hounds (Orc:2)
  5 porcupines
  3 wasps
  40 orc warriors
  6 sky beasts
  An eye of draining (D:14)
  8 ice beasts
  A black bear (D:7)
  A necrophage (D:12)
  31 wolves
  10 ogres
  3 boggarts (D:14)
  13 centaurs
  21 crocodiles
  24 giant frogs
  A wyvern zombie (D:12)
  8 scorpions
  13 killer bees
  2 electric eels (D:12)
  8 wights
  7 howler monkeys
  2 giant frog zombies
  8 crimson imps
  A quasit (D:10)
  5 jellies
  Crazy Yiuf (D:5)
  4 hounds
  12 orc priests
  A gnoll shaman (D:5)
  Jessica (D:3)
  3 giant frog skeletons
  16 iguanas
  21 orc wizards
  A yak simulacrum (Lair:6)
  9 worker ants
  5 polar bear simulacra (Lair:6)
  A sheep (Lair:3)
  4 wolf simulacra (Lair:6)
  A hound zombie (D:10)
  2 hound skeletons
  A worker ant zombie (D:6)
  6 gnolls
  A howler monkey skeleton (D:9)
  13 adders
  59 river rats
  5 shadow imps
  An adder skeleton (D:7)
  An adder zombie (D:7)
  A worm (D:6)
  A dart slug (D:1)
  2 giant geckos
  80 orcs
  4 bats
  9 giant cockroaches
  7 goblins
  6 hobgoblins
  3 jackals (D:2)
  10 quokkas
  2 ball pythons
  A giant cockroach zombie (D:5)
  3 giant newts
  6 kobolds
  A quokka skeleton (D:4)
  A quokka zombie (D:8)
  8 rats
  A river rat simulacrum (Lair:6)
  A spectral orc (D:5)
  7 fungi
  7 plants
837 creatures vanquished.

Vanquished Creatures (collateral kills)
  An ice beast (D:9)
1 creature vanquished.

Vanquished Creatures (others)
  An orc warlord (D:12)
  8 hydras
  A deep elf mage (Elf:1)
  A basilisk (Lair:8)
  A fire elemental (Orc:2)
  3 hell hounds (Orc:2)
  A quasit (D:12)
  9 fungi
  3 plants
28 creatures vanquished.

Grand Total: 866 creatures vanquished

Notes
Turn   | Place    | Note
--------------------------------------------------------------
     0 | Abyss:1  | Gargoyl the Demonspawn Abyssal Knight began the quest for the Orb.
     0 | Abyss:1  | Reached XP level 1. HP: 18/18 MP: 2/2
   106 | Abyss:3  | Noticed a small abomination
   125 | Abyss:3  | Noticed a thrashing horror
   128 | D:1      | Escaped the Abyss
   309 | D:1      | Reached * piety under Lugonu
   513 | D:1      | Gained mutation: You are partially covered in rugged brown scales (AC +1, +3% HP). [demonic ancestry]
   513 | D:1      | Reached XP level 2. HP: 16/24 MP: 4/4
   780 | D:1      | Reached skill level 1 in Dodging
  1321 | D:2      | Reached skill level 3 in Invocations
  1323 | D:2      | Reached XP level 3. HP: 27/29 MP: 5/5
  1981 | D:3      | Noticed a sky beast
  1998 | D:2      | Gained mutation: You are agile. (Dex +2) [potion of mutation]
  1998 | D:2      | Gained mutation: You are resistant to hostile enchantments. [potion of mutation]
  1998 | D:2      | Gained mutation: You have large cloven feet. [potion of mutation]
  2009 | D:2      | Killed a sky beast
  2009 | D:2      | Reached XP level 4. HP: 26/36 MP: 6/6
  2009 | D:2      | Gained mutation: You are slightly more attuned to the shadows. [demonic ancestry]
  2009 | D:2      | Reached XP level 5. HP: 30/42 MP: 7/7
  2162 | D:3      | Noticed Jessica
  2170 | D:3      | Reached ** piety under Lugonu
  2192 | D:3      | Killed Jessica
  2274 | D:3      | Reached skill level 1 in Shields
  2355 | D:3      | Reached skill level 4 in Invocations
  2499 | D:3      | Reached XP level 6. HP: 43/48 MP: 9/9
  2513 | D:3      | Found a faded altar to an unknown god.
  3258 | D:4      | Got a fine hand axe
  3259 | D:4      | Identified the +11 hand axe of Ehil {pain, *Confuse rN+ SInv} (You found it on level 4 of the Dungeon)
  3433 | D:4      | Reached XP level 7. HP: 48/53 MP: 10/10
  3700 | D:4      | Found Vubaim's Distillery.
  3707 | D:4      | Bought a potion of heal wounds for 60 gold pieces
  3707 | D:4      | Bought a potion of heal wounds for 60 gold pieces
  3707 | D:4      | Bought a potion of curing for 36 gold pieces
  3707 | D:4      | Bought a potion of curing for 36 gold pieces
  3734 | D:5      | Entered Level 5 of the Dungeon
  3812 | D:5      | Reached *** piety under Lugonu
  4060 | D:5      | Found a basalt altar of Yredelemnul.
  4345 | D:5      | Noticed Crazy Yiuf
  4353 | D:5      | Killed Crazy Yiuf
  4452 | D:6      | Found an iron altar of Okawaru.
  4453 | D:6      | Found a white marble altar of Elyvilon.
  4453 | D:6      | Found a sparkling altar of Nemelex Xobeh.
  4457 | D:6      | Found a shimmering altar of Xom.
  4457 | D:6      | Found a shadowy altar of Dithmenos.
  4518 | D:6      | Reached skill level 5 in Invocations
  4660 | D:6      | Found a deep blue altar of Sif Muna.
  4708 | D:6      | Noticed Grinder
  4714 | D:6      | Killed Grinder
  4714 | D:6      | Gained mutation: You sometimes gain a little power by taking damage. [demonic ancestry]
  4714 | D:6      | Reached XP level 8. HP: 60/61 MP: 10/12
  4715 | D:6      | Found a staircase to the Ecumenical Temple.
  5138 | D:6      | Found an opulent altar of Gozag.
  5138 | D:6      | Found a stormy altar of Qazlal.
  5138 | D:6      | Found a sacrificial altar of Ru.
  5688 | D:7      | Reached skill level 6 in Invocations
  5803 | D:7      | Found a radiant altar of Vehumet.
  5978 | D:7      | Reached skill level 5 in Armour
  6015 | D:7      | Reached **** piety under Lugonu
  6293 | D:7      | Gained mutation: You sometimes gain power by taking damage. [demonic ancestry]
  6293 | D:7      | Reached XP level 9. HP: 63/67 MP: 14/14
  6484 | D:7      | You fall through a shaft for 3 floors!
  6484 | D:10     | Entered Level 10 of the Dungeon
  6519 | D:9      | Reached skill level 7 in Invocations
  6579 | D:9      | Found an oddly glowing altar of Pakellas.
  6678 | D:8      | Found a burning altar of Makhleb.
  6680 | D:8      | Found a glowing silver altar of Zin.
  6680 | D:8      | Noticed an angel
  6681 | D:8      | Noticed an Executioner
  6699 | D:8      | Reached skill level 5 in Axes
  6704 | D:8      | Reached skill level 5 in Fighting
  6743 | D:8      | Noticed Grum
  6757 | D:8      | Killed Grum
  6757 | D:8      | Reached skill level 8 in Invocations
  6761 | D:8      | Reached skill level 5 in Dodging
  6928 | D:8      | Reached ***** piety under Lugonu
  6943 | D:8      | Gained mutation: You are significantly more attuned to the shadows. [demonic ancestry]
  6943 | D:8      | Reached XP level 10. HP: 75/76 MP: 16/16
  7197 | D:7      | Reached skill level 5 in Shields
  7726 | D:9      | Noticed a centaur warrior
  7749 | D:9      | Killed a centaur warrior
  7749 | D:9      | Reached skill level 9 in Invocations
  7918 | D:9      | Got a fine glass ring
  8463 | D:10     | Noticed a hill giant
  8473 | D:10     | Killed a hill giant
  8485 | D:10     | Found a staircase to the Lair.
  8547 | D:10     | Gained mutation: You are powered by pain. [demonic ancestry]
  8547 | D:10     | Reached XP level 11. HP: 73/83 MP: 18/18
  9296 | D:11     | Reached ****** piety under Lugonu
  9335 | D:11     | Noticed Erica
  9355 | D:11     | Killed Erica
  9355 | D:11     | Reached skill level 10 in Invocations
  9591 | D:11     | Noticed Sonja
  9718 | D:11     | Noticed a cyan ugly thing
  9729 | D:11     | Killed a cyan ugly thing
  9993 | D:11     | Killed Sonja
 10136 | D:11     | Noticed a red ugly thing
 10149 | D:11     | Killed a red ugly thing
 10509 | D:11     | Identified the Collected Works on Creative Combat Magic
 10576 | D:11     | Noticed a death knight
 10589 | D:11     | Killed a death knight
 10717 | D:11     | You fall through a shaft for 2 floors!
 10743 | D:13     | Identified the ring "Hiunlips" {rCorr rC++ rN+ Str-2 SInv} (You found it on level 9 of the Dungeon)
 10761 | D:13     | Noticed a centaur warrior
 10785 | D:12     | Gained mutation: You have sharp fingernails. [demonic ancestry]
 10785 | D:12     | Reached XP level 12. HP: 73/93 MP: 19/19
 10802 | D:12     | Found a staircase to the Orcish Mines.
 11002 | D:12     | Noticed a six-headed hydra
 11005 | D:12     | Banished a six-headed hydra
 11533 | D:12     | Reached skill level 10 in Armour
 11564 | D:12     | Reached skill level 11 in Invocations
 12220 | Lair:1   | Entered Level 1 of the Lair of Beasts
 12284 | Lair:1   | Noticed Joseph
 12298 | Lair:1   | Killed Joseph
 13026 | Lair:1   | Got a bloodstained chain mail
 13037 | Lair:1   | Identified the +1 chain mail of Biheseo {rElec MR+} (You found it on level 1 of the Lair of Beasts)
 13042 | Lair:2   | Identified a scroll of acquirement
 13633 | Lair:2   | Found a frozen archway.
 13640 | IceCv    | Entered an ice cave
 13677 | IceCv    | Got a dazzling scythe
 13680 | IceCv    | Identified the +3 scythe of the Viper {flame, +Inv Str-4 Int+3 Stlth+} (You found it in an ice cave)
 14583 | Lair:3   | Noticed a four-headed hydra
 14586 | Lair:3   | Banished a four-headed hydra
 14615 | Lair:3   | Reached XP level 13. HP: 95/101 MP: 17/21
 14732 | Lair:3   | Reached skill level 12 in Invocations
 16608 | Lair:5   | Found a hole to the Spider Nest.
 17648 | Lair:6   | Reached skill level 10 in Axes
 17993 | Lair:6   | Lost mutation: You have large cloven feet. [potion of cure mutation]
 17993 | Lair:6   | Lost mutation: You are resistant to hostile enchantments. [potion of cure mutation]
 17993 | Lair:6   | Lost mutation: You are agile. (Dex +2) [potion of cure mutation]
 18089 | Lair:6   | Found a staircase to the Shoals.
 18145 | Lair:6   | Reached skill level 13 in Invocations
 18205 | Lair:6   | Noticed Nessos
 18635 | Lair:6   | Killed Nessos
 19506 | Lair:7   | Reached XP level 14. HP: 102/111 MP: 17/24
 19786 | Lair:7   | Found a staircase to the Slime Pits.
 20075 | Lair:8   | Entered Level 8 of the Lair of Beasts
 21063 | Lair:8   | Reached skill level 10 in Shields
 21378 | Lair:8   | Reached skill level 14 in Invocations
 21381 | Lair:8   | Reached skill level 10 in Fighting
 21477 | Lair:8   | Got a faintly glowing hand crossbow
 21885 | Orc:1    | Entered Level 1 of the Orcish Mines
 22315 | Orc:2    | Entered Level 2 of the Orcish Mines
 22323 | Orc:2    | Found a roughly hewn altar of Beogh.
 22393 | Orc:2    | Found a staircase to the Elven Halls.
 22465 | Orc:2    | Noticed an orc warlord
 22467 | Orc:2    | Found Mylan's Antique Armour Emporium.
 22805 | D:12     | Banished an orc warlord
 23143 | Orc:2    | Found Japageof's Jewellery Boutique.
 23299 | Orc:2    | Bought a pair of runed boots for 94 gold pieces
 23591 | Orc:2    | Noticed Azrael
 23613 | Orc:2    | Killed Azrael
 23714 | Orc:2    | Found Tysautsi's Antique Weapon Emporium.
 23784 | Orc:2    | Found Kovae's General Store.
 23790 | Orc:2    | Bought a potion of haste for 130 gold pieces
 23925 | Orc:2    | Reached XP level 15. HP: 120/120 MP: 25/25
 24266 | D:13     | Found a gate to the Vaults.
 24938 | D:13     | Identified the cursed +0 hand crossbow "Nucyq" {flame, Str+6} (You found it on level 8 of the Lair of Beasts)
 26653 | D:15     | Entered Level 15 of the Dungeon
 26781 | D:15     | Reached skill level 15 in Invocations
 27544 | D:15     | Found a staircase to the Depths.
 28111 | Orc:2    | Bought a shiny plate armour for 483 gold pieces
 28111 | Orc:2    | Bought a glowing plate armour for 483 gold pieces
 28179 | Elf:1    | Entered Level 1 of the Elven Halls
 28510 | Elf:1    | HP: 1/122 [deep elf archer/arrow (10)]
 28510 | Elf:1    | Shot with an arrow by a deep elf archer

Skill      XL: |  1  2  3  4  5  6  7  8  9 10 11 12 13 14 15 |
---------------+----------------------------------------------+-----
Axes           | 2 3 4 5 6 8 9 10 11 12 | 12.0
Dodging        | 1 2 3 4 5 6 7 |  7.3
Armour         | 2 3 4 5 7 8 9 10 11 12 13 | 13.0
Invocations    | 3 4 5 6 8 9 10 11 13 14 15 | 15.3
Shields        | 1 2 3 4 6 7 8 9 10 11 | 11.4
Fighting       | 4 5 6 7 8 9 10 11 | 11.2

Action                   |  1- 3 |  4- 6 |  7- 9 | 10-12 | 13-15 || total
-------------------------+-------+-------+-------+-------+-------++-------
Melee: Hand axe          |   105 |   227 |   323 |   839 |  1858 ||  3352
       Kick              |     1 |    60 |    53 |       |       ||   114
Throw: Tomahawk          |       |     3 |       |       |       ||     3
Invok: Depart the Abyss  |     1 |       |       |       |       ||     1
       Banish            |       |       |       |     3 |    10 ||    13
Evoke: Wand              |     1 |       |       |       |       ||     1
  Use: Scroll            |     2 |     7 |     9 |    14 |    19 ||    51
       Potion            |     5 |       |       |     1 |    12 ||    18
 Stab: Invisible         |     1 |       |       |       |       ||     1
       Distracted        |       |       |       |       |     1 ||     1
  Eat: Chunk             |     2 |     5 |     7 |    23 |    42 ||    79
       Royal jelly       |       |     1 |       |       |       ||     1
       Fruit             |       |       |     6 |       |     5 ||    11
       Meat ration       |       |       |       |     1 |       ||     1
       Bread ration      |       |       |       |       |     1 ||     1
Armor: Leather armour    |    80 |     4 |       |       |       ||    84
       Scale mail        |       |   151 |    94 |       |       ||   245
       Plate armour      |       |       |   137 |   455 |       ||   592
       Chain mail        |       |       |       |    56 |   706 ||   762
Dodge: Dodged            |    93 |   131 |   108 |   252 |   856 ||  1440
Block: Shield            |    10 |   112 |   181 |   499 |  1128 ||  1930
